Cogmind - Beta 12 @@@ ROGUE MODE // 2023.05.05 @ 21:54:01 Player: Slaopir Result: Destroyed by G-34 Mercenary with Small Laser Performance ------------- Evolutions (0) 0 Regions Visited (1) 200 Robots Destroyed (13) 65 Value Destroyed (195) 195 Prototype IDs (0) 0 Alien Tech Used (0) 0 Bonus (0) 0 TOTAL SCORE: 460 Bonus ------- None Cogmind --------- Core Integrity 0/250 Matter 256/300 Energy 80/100 System Corruption 0% Temperature Cool (26) Movement Walking (120) Location -10/Materials Parts ------- > --- POWER (1) -------- (None) > --- PROPULSION (2) --- Aluminum Leg Aluminum Leg > --- UTILITY (2) ------ Small Storage Unit > --- WEAPON (2) ------- Grenade Launcher > --- INVENTORY (8) ---- Improved Targeting Computer Field Recycling Unit (11) Heavy Hammer Peak State ------------ > --- POWER ------------ Light Ion Engine > --- PROPULSION ------- Wheel Wheel > --- UTILITY ---------- Small Storage Unit Field Recycling Unit > --- WEAPON ----------- EM Pulse Gun Datajack > --- INVENTORY -------- Aluminum Leg Aluminum Leg EM Pulse Gun Light Assault Rifle Grenade Launcher [Rating: 8] Favorites ----------- Power Light Ion Engine Engine Light Ion Engine Propulsion Wheel Leg Aluminum Leg Wheel Wheel Utility Small Storage Unit Device Field Recycling Unit Storage Small Storage Unit Weapon EM Pulse Gun Energy Gun EM Pulse Gun Ballistic Gun Light Assault Rifle Launcher Grenade Launcher Special Melee Weapon Datajack Build | -11 -10 ------- Run | Jun Mat Slots Evolved . | . . Power . | . . Propulsion . | . . Utility . | . . Weapon . | . . Parts Attached 24 | 7 17 Power 3 | 1 2 Engine 3 | 1 2 Core . | . . Reactor . | . . Propulsion 7 | 4 3 Treads . | . . Leg 4 | 2 2 Wheel 3 | 2 1 Hover . | . . Flight . | . . Utility 3 | . 3 Device 1 | . 1 Storage 2 | . 2 Processor . | . . Hackware . | . . Protection . | . . Artifact . | . . Weapon 11 | 2 9 Energy Gun 6 | 1 5 Energy Cannon . | . . Ballistic Gun 1 | 1 . Ballistic Cannon . | . . Launcher 2 | . 2 Special Weapon . | . . Impact Weapon . | . . Slashing Weapon . | . . Piercing Weapon . | . . Special Melee Weapon 2 | . 2 Unidentified Prototypes . | . . Parts Lost 8 | . 8 Power 1 | . 1 Propulsion 2 | . 2 Utility 1 | . 1 Weapon 4 | . 4 Highest Loss Streak 7 | . 7 To Critical Strikes . | . . Average Slot Usage (%) 81 | . 81 Engine 5 | . 5 Wheel 24 | . 24 Device 1 | . 1 Storage 22 | . 22 Energy Gun 13 | . 13 Special Melee Weapon 11 | . 11 Naked Turns . | . . Heaviest Build 19 | 6 19 Greatest Support 20 | 20 20 Greatest Overweight (x) 3 | . 3 Average Overweight (x) . | . . Largest Inventory Capacity 8 | 5 8 Average Capacity 7 | 5 7 Most Carried 8 | 5 8 Average Carried 5 | 2 6 Final Capacity 8 | 5 8 Final Carried 3 | 3 3 Class Distribution -------------------- 100% | Mutant Dominant Class ---------------- Mutant | -10/Materials Resources | -11 -10 ----------- Run | Jun Mat Matter Collected 316 | 246 70 Remotely . | . . Salvage Created 343 | . 343 Parts 23 | . 23 Haulers Intercepted . | . . Recyclers Shooed . | . . Parts Field Recycled 9 | . 9 Retrieved Matter 72 | . 72 Parts Self-Destructed . | . . Prevented . | . . Kills | -11 -10 ------- Run | Jun Mat Combat Hostiles Destroyed 7 | . 7 Guns 4 | . 4 AOE 3 | . 3 Classes Destroyed 5 | . 5 Worker 3 | . 3 Builder 2 | . 2 Recycler 1 | . 1 Swarmer 3 | . 3 Grunt 4 | . 4 Best Kill Streak 12 | . 12 Combat Bots Only 7 | . 7 Max Kills in Single Turn 5 | . 5 Gunslinging . | . . Exploded 2 | . 2 Melee . | . . Uniques/NPCs Destroyed . | . . Combat | -11 -10 -------- Run | Jun Mat Damage Taken 699 | 1 698 Core 255 | . 255 Absorbed by Shields . | . . Core Remaining (%) 100 | 100 . Volleys Fired 36 | . 36 Largest 2 | . 2 Hottest 101 | . 101 Shots Fired 40 | . 40 Gun 35 | . 35 Cannon . | . . Launcher 5 | . 5 Special . | . . Kinetic . | . . Thermal 21 | . 21 Explosive 5 | . 5 Electromagnetic 14 | . 14 Robot Hit Streak 9 | . 9 Robot Miss Streak 4 | . 4 Penetration Max . | . . Secondary Targets . | . . Shots Hit Robots 35 | . 35 Core Hits 16 | . 16 Critical Kills . | . . Critical Parts Destroyed . | . . Critical Strikes 1 | . 1 Burn 1 | . 1 Melee Attacks 7 | . 7 Impact . | . . Slashing . | . . Piercing . | . . Sneak Attacks 7 | . 7 Combat Hostiles . | . . Follow-up Attacks . | . . Damage Inflicted 900 | 2 898 Guns 344 | . 344 Cannons . | . . Explosions 554 | . 554 Melee . | . . Ramming 2 | 2 . Kinetic . | . . Thermal 279 | . 279 Explosive 554 | . 554 Electromagnetic 65 | . 65 Impact . | . . Slashing . | . . Piercing . | . . Highest Corruption . | . . Average Corruption . | . . Corruption Purged . | . . Corruption Blocked . | . . Overload Shots . | . . Overflow Damage 27 | . 27 Projectiles . | . . Explosions 27 | . 27 Melee . | . . Knockbacks . | . . Impact . | . . Kinetic . | . . Secondary . | . . Self-Inflicted Damage 91 | 1 90 Shots 5 | . 5 Rammed 1 | 1 . Targets Rammed 1 | 1 . Kicked . | . . Crushed . | . . Highest Temperature 120 | . 120 Average Temperature 59 | . 59 Received Heat Transfer 249 | . 249 Siege Activations . | . . Robots Corrupted . | . . Combat Hostiles . | . . Parts Fried . | . . Impact Corruptions . | . . Robots Melted . | . . Combat Hostiles . | . . Parts Melted 1 | . 1 Heat Transferred 777 | . 777 Parts Sabotaged . | . . Parts Stolen . | . . Parts Stripped . | . . Power Chain Reactions . | . . Missiles Intercepted . | . . Alert | -11 -10 ------- Run | Jun Mat Peak Influence 127 | . 127 Initial . | . . Average 21 | . 25 Maximum Alert Level . | . . Low Security (%) 100 | 100 100 Level 1 . | . . Level 2 . | . . Level 3 . | . . Level 4 . | . . Level 5 . | . . High Security . | . . Max Security . | . . Squads Dispatched 1 | . 1 Investigation 1 | . 1 Extermination . | . . Reinforcement . | . . Assault . | . . Garrison . | . . Intercept . | . . Searches Triggered . | . . Construction Impeded . | . . Haulers Reinforced . | . . Active Scanning Responses . | . . Cargo Convoy Interrupts . | . . Stealth | -11 -10 --------- Run | Jun Mat Distress Signals 1 | . 1 Communications Jammed . | . . Distress Signals . | . . Times Spotted 16 | . 16 Peak Tracking Total 5 | . 5 Tactical Retreats . | . . Traps | -11 -10 ------- Run | Jun Mat Traps Triggered 3 | . 3 Indirectly . | . . Trap Hack Attempts 2 | . 2 Triggered . | . . Disarmed 1 | . 1 Reprogrammed . | . . Reused . | . . Traps Extracted . | . . Installed . | . . Triggered . | . . Machines | -11 -10 ---------- Run | Jun Mat Machines Disabled 1 | . 1 Max in Single Turn 1 | . 1 Machines Repaired . | . . Machines Sabotaged . | . . Overloaded Fab Kills . | . . Hacking | -11 -10 --------- Run | Jun Mat Machines Accessed 2 | . 2 Terminals 1 | . 1 Fabricators . | . . Repair Stations . | . . Recycling Units 1 | . 1 Scanalyzers . | . . Garrison Access . | . . Total Hacks 4 | . 4 Successful 2 | . 2 Failed 2 | . 2 Catastrophic 1 | . 1 Database Lockouts . | . . Manual 1 | . 1 Terminals 2 | . 2 Fabricators . | . . Repair Stations . | . . Recycling Units 2 | . 2 Scanalyzers . | . . Garrison Access . | . . Terminal Hacks 1 | . 1 Zone Layout 1 | . 1 Fabricator Hacks . | . . Repair Station Hacks . | . . Recycling Unit Hacks 1 | . 1 Retrieve Components 1 | . 1 Scanalyzer . | . . Garrison Access Hacks . | . . Unauthorized Hacks . | . . Terminals . | . . Fabricators . | . . Repair Stations . | . . Recycling Units . | . . Scanalyzers . | . . Garrison Access . | . . Data Cores Recovered . | . . Used . | . . Hacking Detections 2 | . 2 Full Trace Events 2 | . 2 Feedback Events . | . . Feedback Blocked . | . . Robot Schematics Acquired . | . . Robots Built . | . . Authchips . | . . Time . | . . Total Robot Build Rating . | . . Part Schematics Acquired . | . . Parts Built . | . . Authchips . | . . Time . | . . Total Part Build Rating . | . . Parts Repaired . | . . Time . | . . Parts Recycled . | . . Recycled Matter . | . . Retrieved Matter . | . . Retrieved Components 3 | . 3 Parts Scanalyzed . | . . Part Schematics Acquired . | . . Parts Damaged . | . . Bothacking | -11 -10 ------------ Run | Jun Mat Used RIF Installer . | . . Robots Hacked 2 | . 2 Non-combat 2 | . 2 Combat . | . . Robot Hacks Applied 5 | . 5 parse_system 3 | . 3 no_distress 1 | . 1 find_recycling 1 | . 1 Relay Couplers Released . | . . Fabnet Peak Effective % . | . . Robots Rewired . | . . Allies Hacked . | . . Hacks Repelled . | . . Allies | -11 -10 -------- Run | Jun Mat Total Allies . | . . Largest Group . | . . Highest-Rated Group . | . . Highest-Rated Ally . | . . Total Orders . | . . Ally Attacks . | . . Total Damage . | . . Kills . | . . Allies Corrupted . | . . Allies Melted . | . . Intel | -11 -10 ------- Run | Jun Mat Robot Analysis Total . | . . Derelict Logs Recovered . | . . Drone Launches . | . . Drone Recoveries . | . . Exploration | -11 -10 ------------- Run | Jun Mat Turns Passed 506 | 73 433 Spaces Moved 465 | 87 378 Core 59 | 56 3 Treads . | . . Legs 10 | 9 1 Wheels 396 | 22 374 Hover . | . . Flight . | . . Fastest Speed 50 | 50 80 Average Speed 77 | 64 80 Slowest Speed 200 | 120 200 Overloaded Moves . | . . Propulsion Burnouts . | . . Robots Hopped . | . . Cave-ins Triggered . | . . Exploration Rate (%) 21 | 7 35 Regions Visited 1 Branch Regions . Pre-discovered Areas . | . . Known Exits Taken . | . . Unknown Exits Taken 1 | 1 . Scrap Searched . | . . Spaces Dug . | . . Terrain Destroyed 14 | . 14 Melee . | . . Projectile . | . . AOE 14 | . 14 Terrain Rammed . | . . Walls Destroyed . | . . Machines Disabled . | . . Actions | -11 -10 --------- Run | Jun Mat Total 570 | 104 466 Wait 3 | . 3 Move 464 | 86 378 Hop . | . . Pick Up 25 | 8 17 Fast Attach . | . . Attach 23 | 7 16 Detach 4 | 2 2 Swap 1 | . 1 Drop 4 | . 4 Fire 36 | . 36 Melee 7 | . 7 Ram 1 | 1 . Kick . | . . Crush . | . . Escape Stasis . | . . Rewire . | . . Trap 2 | . 2 Miscellaneous . | . . Route ------- -11/Junkyard -10/Materials (discovered 2 exits: [*Mat] / [*Min]) History --------- Turn | Location | Event 2 | -11/Junkyard | Met Revision 17 66 | -11/Junkyard | Discovered new exit (range 8) 74 | -11/Junkyard | Entered Materials 279 | -10/Materials | Discovered new exit (range 15) 301 | -10/Materials | Build established: Mutant 423 | -10/Materials | Discovered new exit (range 8) 456 | -10/Materials | Core integrity fell below 50% 474 | -10/Materials | Core integrity fell below 20% 507 | -10/Materials | Destroyed by G-34 Mercenary with Small Laser Last Messages --------------- G-34 Mercenary overheating. K-01 Serf cleans the Recycling Unit. R-06 Scavenger collects Mace. Destroyed Ion Engine. G-34 Mercenary destroyed. K-01 Serf destroyed. R-06 Scavenger destroyed. K-01 Serf destroyed. Atomic Centrifuge disabled. G-34 Mercenary destroyed. Destroyed Wheel. U-05 Engineer lays Concrete. Sml. Matter Pod destroyed. Destroyed Sml. Matter Pod. U-05 Engineer destroyed. The unstable cave ceiling collapses. Lgt. Ion Engine destroyed. U-05 Engineer builds a Wall. EM Pulse Gun destroyed. [Achievement: First Step to Greatness] Map ----- +----------------------------------------------------+ | # """ #????????????????????? | | # """"" #????????????????????? | | # """"" #????????????????????? | | # """ #### # """"" #????????????????????? | | # """ #??# # """ #???????????????###### | | # """ #??# # #???????????????# | | # """ #??# + #???????????????# " | | #??# ###########???????????##### " | | #??# #?????????????????????# # | | #??# #?????????????????????# # | | ######## ###??# #?????????????????????# # """" | | ???????# #????# ########??????????????# + """" | | ???????# #????# # #??????????????# # """" | | ???????# #????# # #??????????????# # | | ???????# #????# # #?????????????## ###### | | ???????# #????# # ############### #???? | | ???????# #????# #???? | | ??????? +????##### #???? | | ???????###????????# ##### | | ??????????????????################# #### # | | ????????????????????????# #?# #??####### | | ????????????????????????# #?# #????????# | | ????????????????????????# """ #?# #????????# "T | | ????????????????????????# """ #?# #????????????? | | ???????????????????????## "" #?# ########## | | ???????????????????????# @ [g ### | | ???????????????????????# = """!+ #######????? | | ???????????????????????# %Y"=### #??????????? | | ??????????????????????# ! =g"""%#?# #??????????? | | ????????????????####??## * ==!### ##?????????? | | ????????????????# u g !### #?????????? | | ??????????? = * #?????????? | | ??????????? < %= + "??????? | | ??????????? # """????? | | ???????????? ## ##+####### !#? """????? | | ????????????????# "!"!" ?????????## ##?? ""????? | | ????????????????#""!"!""??????????# #???? ????? | | ?????????????????#######??????????# #?????##???? | | ??????????????????????????????????? #??????????? | | ??????????????????????????????????? #??????????? | | ??????????????????????????????????? #??????????? | | ??????????????????????????????????? #??????????? | | ??????????????????????????????????? +??????????? | | ??????????????????????????????????? #??????????? | | ??????????????????????????????????? #??????????? | | ???????????????????????????????????? ????????????? | | ?????????????????????????????????????????????????? | | ?????????????????????????????????????????????????? | | ?????????????????????????????????????????????????? | | ?????????????????????????????????????????????????? | +----------------------------------------------------+ Best States ------------- Heat Dissipation 25 Energy Generation 10 Energy Capacity 125 Matter Stores 336 Matter Capacity 350 Sight Range 16 Terrain Scan Density 10 Evasion (%) 50 Item Schematics ----------------- None Robot Schematics ------------------ None Fabricated ------------ Nothing Alien Tech Used ----------------- None Achievements -------------- First Step to Greatness Challenges ------------ None Game ------ Seed TransmissionThiefBeam Manual? 0 Play Time 00:29:17 Cumulative 0.9 hours Start 2023.04.28 @ 23:06:47 End 2023.05.05 @ 21:54:01 Sessions 2 Manual Loads 0 Difficulty Rogue Special Mode None Game No. 1 Rogue 1 Adventurer 0 Explorer 0 Win Type - Total 0 Types 0/0/0/0/0/0/0/0/0 Lore% 0 Gallery% 1 Achievement% 0 Wizard Run 0 Options --------- ASCII 0 Keyboard 0 Movement Mouse Keybinds 0 Fullscreen 1 Font 24/Terminus Map View 76x50 Tactical HUD 0 Map Filters NONE Filters NONE Steam 1 RUN: 8490b4ec-fc20-46da-b641-7c219d2f72d4